Match 47359493
Unlisted

Match 47359493
End
Engineer Squad
Construct Barracks
Selects Armored Battlegroup
Selects Veteran Crews
1⁄4-ton 4x4 Truck
Riflemen Squad
Riflemen Squad
Grenade Package
Riflemen Squad
Construct Medical Station
Infantry Support Center
Construct Weapon Support Center
Bazooka Squad
Construct Motor Pool
Selects M31 Recovery Vehicle
Selects War Machine
M24 Chaffee Light Tank
M8 Greyhound Armored Car
M24 Chaffee Light Tank
M1919 Machine Gun Team
M1 Anti-tank Gun Team
M1918 Browning Automatic Rifles
M1 Anti-tank Gun Team
Selects Strength in Steel
Selects Seek and Destroy
Construct Tank Depot
Selects UNKNOWN (2160077)
M4A3E8 Sherman Easy Eight
Riflemen Squad
Engineer Squad
M4A3E8 Sherman Easy Eight
M4A3E8 Sherman Easy Eight
M24 Chaffee Light Tank
odung
YO
0
0

Comments sign in to comment!

No comments posted yet!